 Dungeon Crawl Stone Soup version 0.31-a0-117-g42d8f58691 (webtiles) character file.

Game seed: 1384936652115849253

181262 Pooter the Severer (level 17, -3/160 HPs)
             Began as a Minotaur Berserker on May 30, 2023.
             Was a High Priest of Trog.
             Killed from afar by Roxanne (72 damage)
             ... with a crystal spear
             ... on level 1 of the Elven Halls.
             The game lasted 02:44:17 (33478 turns).

Pooter the Severer (Minotaur Berserker)            Turns: 33478, Time: 02:44:18

Health: -3/160     AC: 33    Str: 23    XL:     17   Next: 67%
Magic:  17/17      EV: 12    Int:  4    God:    Trog [*****.]
Gold:   1452       SH:  5    Dex: 21    Spells: 16/16 levels left

rFire   + + .        a - +9 battleaxe "Qaramepp" {protect, rPois}
rCold   . . .        (shield currently unavailable)
rNeg    . . .        R - +4 plate armour {rF+}
rPois   +            n - +1 hat
rElec   .            g - +0 cloak {rF+}
rCorr   .            B - +0 pair of gloves
SInv    +            h - +0 pair of boots
Will    +....        K - amulet of reflection Stlth
                     V - +4 ring of slaying
HPRegen 0.46/turn    S - ring of see invisible
MPRegen 0.15/turn

%: reflection
@: under a protective aura
A: horns 2, retaliatory headbutt, iridescent scales 1, agile 2, high MP 1
a: Renounce Religion, Berserk, Trog's Hand, Brothers in Arms


You were on level 1 of the Elven Halls.
You worshipped Trog.
Trog was extremely pleased with you.
You visited 4 branches of the dungeon, and saw 23 of its levels.
You also visited: Ice Cave and Volcano.

You collected 3153 gold pieces.
You spent 1701 gold pieces at shops.

Inventory:

Hand Weapons
 a - the +9 battleaxe "Qaramepp" (weapon) {protect, rPois}
   (You found it in an ice cave)

   rPois:     It protects you from poison.
 b - a +0 heavy orcbow
   (You took it off a centaur on level 9 of the Dungeon)
 j - a +0 eveningstar of holy wrath
   (You took it off Louise on level 1 of the Elven Halls)
 L - a +6 heavy battleaxe
   (Trog gifted it to you on level 1 of the Lair of Beasts)
 T - a +0 battleaxe of flaming
   (You took it off a hell knight in a volcano)
Missiles
 d - 27 poisoned darts
 m - 3 javelins
 o - a boomerang of dispersal {!f}
 s - 7 curare-tipped darts
 y - 24 boomerangs (quivered)
 Z - 6 silver javelins
Armour
 g - a +0 cloak of fire resistance (worn)
   (You found it in a volcano)
 h - a +0 pair of boots (worn)
   (You found it on level 1 of the Dungeon)
 n - a +1 hat (worn)
   (You found it on level 15 of the Dungeon)
 B - a +0 pair of gloves (worn)
   (You found it on level 4 of the Dungeon)
 M - the +8 chain mail of the Good {rF- rN++ Regen+ rCorr}
   (You found it in an ice cave)

   rF:        It makes you vulnerable to fire.
   rN:        It greatly protects you from negative energy.
   Regen:     It increases your rate of health regeneration.
   rCorr:     It protects you from acid and corrosion.
 R - a +4 plate armour of fire resistance (worn)
   (You found it in a volcano)
Jewellery
 p - a ring of ice
   (You found it on level 2 of the Dungeon)
 A - a +6 ring of dexterity
   (You found it on level 4 of the Dungeon)
 D - an amulet of regeneration
   (You took it off an orc on level 4 of the Dungeon)
 F - a ring of protection from fire
   (You found it on level 6 of the Dungeon)
 G - an amulet of guardian spirit
   (You found it on level 12 of the Dungeon)
 I - a ring of flight
   (You found it on level 4 of the Lair of Beasts)
 K - an amulet of reflection (around neck)
   (You bought it in a shop on level 8 of the Dungeon)
 P - a ring of poison resistance
   (You took it off a wight on level 6 of the Dungeon)
 Q - a +5 ring of evasion
   (You found it on level 2 of the Orcish Mines)
 S - a ring of see invisible (right hand)
   (You found it on level 2 of the Dungeon)
 V - a +4 ring of slaying (left hand)
   (You bought it in a shop on level 2 of the Orcish Mines)
Wands
 f - a wand of flame (34)
   (You found it on level 3 of the Dungeon)
 r - a wand of roots (11)
   (You found it on level 3 of the Dungeon)
 u - a wand of paralysis (20)
   (You took it off Maurice on level 8 of the Dungeon)
 x - a wand of acid (5)
   (You found it on level 6 of the Dungeon)
 W - a wand of mindburst (24)
   (You found it on level 8 of the Dungeon)
 X - a wand of polymorph (3)
   (You found it on level 10 of the Dungeon)
Scrolls
 c - 6 scrolls of immolation {!r}
 i - 2 scrolls of identify {@r1}
 l - 7 scrolls of poison {!r}
 t - 12 scrolls of teleportation {@r4}
 w - 6 scrolls of noise {!r}
 E - 6 scrolls of fear
 N - a scroll of summoning
 U - 5 scrolls of magic mapping
 Y - 4 scrolls of blinking
Potions
 e - 5 potions of haste {@q3}
 k - 13 potions of curing {@q1}
 q - 7 potions of heal wounds {@q2}
 v - 2 potions of enlightenment
 z - 2 potions of might
 C - 4 potions of mutation {!q}
 H - 4 potions of attraction {!q}
 O - a potion of invisibility


   Skills:
 + Level 16.9 Fighting
 - Level 19.3(20.0) Axes
 - Level 2.6(13.0) Maces & Flails
 - Level 8.0(14.8) Polearms
 - Level 16.0 Ranged Weapons
 + Level 7.0 Throwing
 + Level 11.8 Armour
 + Level 8.1 Dodging
 + Level 7.2 Stealth
 + Level 10.5 Evocations


You had 16 spell levels left.
You didn't know any spells.
Your spell library was empty.

Dungeon Overview and Level Annotations

Branches:
Dungeon (15/15)            Temple (0/1) D:5            Lair (5/5) D:9
  Swamp (0/4) Lair:2       Spider (0/4) Lair:2        Slime (0/5) Lair:4
    Orc (2/2) D:9             Elf (1/3) Orc:2        Vaults (0/5) D:14
 Depths (0/4) D:15          IceCv (visited)         Volcano (visited)

Altars:
Kikubaaqudgha
Trog
Vehumet
Zin
The Shining One

Shops:
D:6 :   D:8 =   D:9 [   Orc:2 =?*(

Annotations:
Elf:1 Roxanne


Innate Abilities, Weirdness & Mutations

You have a pair of horns on your head.
You reflexively headbutt those who attack you in melee.
You are partially covered in iridescent scales. (AC +2)
You are very agile. (Dex +8, Str/Int -2)
You have an increased reservoir of magic. (+10% MP)


Message History

You see here a +3 trident of protection.
Things that are here:
a +0 buckler; a +0 leather armour; a +0 long sword You now have 1440 gold pieces (gained 20).
You see here a +0 long sword.
A water elemental comes into view.
You shoot an arrow. The arrow hits the water elemental!!
You shoot an arrow.
The arrow hits the water elemental but does no damage.
You shoot an arrow.
The arrow barely misses the water elemental.
You shoot an arrow. The arrow hits the water elemental!
You destroy the water elemental!
Trog accepts your kill.
Found 12 gold pieces.
There is an open door here.
You now have 1452 gold pieces (gained 12).
There is an open door here.
Roxanne, Geomancer Emeritus comes into view.
There is an open door here.
The +9 battleaxe "Qaramepp" {protect, rPois} hums with potential!
a - the +9 battleaxe "Qaramepp" (weapon)
{protect, rPois}
Found a +0 short sword.
Roxanne mumbles some strange words.
The crystal spear misses you.
You open Roxanne like a pillowcase!!!
Your weapon exudes an aura of protection.
You hit Roxanne.
Roxanne casts a spell.
The bolt of magma misses you.
You slash Roxanne! You headbutt Roxanne!
Roxanne mumbles some strange words.
The crystal spear hits you!!
You slash Roxanne! You headbutt Roxanne, but do no damage.
You open Roxanne like a pillowcase!!! You headbutt Roxanne! You slash Roxanne!
You hit Roxanne. You headbutt Roxanne, but do no damage. You slash Roxanne!
You hit Roxanne but do no damage. You headbutt Roxanne, but do no damage.
Roxanne casts a spell.
The entropic shot hits you!!!
You hit Roxanne.
Roxanne mumbles some strange words.
The crystal spear hits you!!
* * * LOW HITPOINT WARNING * * *
You hit Roxanne. You hit Roxanne. You headbutt Roxanne, but do no damage.
Roxanne casts a spell.
The crystal spear hits you!!!!
You die...

.######...#'## #)
....####+###.## #'.
.....## .# ##.##
#.# ......##.#
##.#####.#
.......#.# ##'#.#'#
.......#.# ##...##
.......#.# #.....#
.......#.# ##...##
.......#.# #.@.##
......##.# #..8.#
.)...'##.# #.#...#
....##.#'###'###..#
#'#####'....####.##
#.# ##......'... #.
#.......#### #.
#.......# #.......#


You could see Roxanne.

Vanquished Creatures
  Saint Roka (Orc:2)
  Nikola (Elf:1)
  Jorgrun (Orc:1)
  2 acid blobs (Lair:4)
  Agnes (D:14)
  The ghost of Suloph the Slayer, a journeyman MiFi of Makhleb (Lair:5)
  The ghost of Bustrupp the Cruncher, a journeyman DsMo of Gozag (D:15)
  Louise (Elf:1)
  3 orc warlords
  Snorg (Lair:5)
  The ghost of Naimef the Scorcher, a journeyman TeFE of Hepliaklqana (Lair:5)
  An ettin (Orc:1)
  Josephine (Lair:5)
  A deep elf high priest (Elf:1)
  The ghost of hgbash the Grappler, a journeyman TrFi of Hepliaklqana (Orc:1)
  12 hydras
  The ghost of Chodeload the Destroyer, a journeyman DEWn of Vehumet (Lair:2)
  3 vault guards (Elf:1)
  11 centaur warriors
  2 ironbound frosthearts (IceCv)
  An ogre mage (D:13)
  A death knight (D:12)
  Erica (Orc:1)
  5 boulder beetles
  11 two-headed ogres
  15 death yaks
  4 tengu warriors
  An anaconda (Lair:5)
  A hell knight (Volcano)
  4 dancing weapons (Elf:1)
  A deep troll earth mage (D:13)
  6 orc high priests (Orc:2)
  Nergalle (Orc:1)
  3 deep elf knights (Elf:1)
  Amaemon (Lair:1)
  2 skysharks
  8 skeletal warriors
  The ghost of Pokonic1 the Protected, a novice GrMo of Qazlal (D:6)
  4 deep elf archers (Elf:1)
  A wizard (D:15)
  A lindwurm (Lair:4)
  Pikel (D:9)
  9 orc knights
  2 wolf spiders (Lair:5)
  16 deep elf zephyrmancers
  A necromancer (D:15)
  A cyclops (shapeshifter) (D:13)
  12 deep elf pyromancers
  7 orc sorcerers
  2 salamanders (Volcano)
  13 cyclopes
  5 manticores
  2 moths of wrath (D:15)
  3 ugly things
  13 black mambas
  A centaur zombie (D:15)
  Maurice (D:8)
  A guardian serpent (Lair:5)
  6 elephants (Lair:5)
  3 vault sentinels (Elf:1)
  3 molten gargoyles (Volcano)
  2 naga magi (D:15)
  A torpor snail (Lair:5)
  Joseph (D:8)
  17 cane toads
  An ice statue (IceCv)
  An orange demon (Lair:1)
  7 gargoyles
  3 efreet
  A kobold demonologist (D:12)
  9 komodo dragons
  6 rime drakes
  5 freezing wraiths
  19 polar bears
  3 meliai (D:14)
  A queen bee (shapeshifter) (D:14)
  9 trolls
  2 hornets (Lair:5)
  A tyrant leech (Lair:2)
  Prince Ribbit (D:8)
  Grinder (D:4)
  8 blink frogs
  4 dream sheep (Lair:5)
  4 raiju (Lair:5)
  9 slime creatures
  A meliai zombie (D:15)
  Sigmund (D:3)
  2 culicivoras (Lair:2)
  55 yaks
  7 wraiths
  3 centaur simulacra
  A vampire (D:12)
  5 basilisks
  3 water elementals (Elf:1)
  13 wyverns
  3 redbacks (Lair:5)
  5 vampire mosquitoes
  A redback (shapeshifter) (D:13)
  A steam dragon (D:8)
  9 wargs
  2 swamp worms (Lair:2)
  Menkaure (D:7)
  20 water moccasins
  13 hell hounds (Lair:5)
  2 sky beasts (D:7)
  13 black bears
  55 orc warriors
  An ice beast (D:5)
  19 ogres
  64 wolves
  13 centaurs
  3 boggarts (D:14)
  2 phantoms
  Blork the orc (D:6)
  3 kobold brigands
  15 bullfrogs
  6 scorpions
  16 wights
  24 killer bees
  5 electric eels (Lair:1)
  3 howler monkeys
  5 quasits (D:6)
  8 hounds
  2 jellies (D:7)
  29 orc priests
  3 sleepcaps
  Jessica (D:3)
  4 iguanas
  23 orc wizards
  Natasha (thrice) (D:3)
  11 gnolls
  6 adders
  5 white imps
  2 worms (D:4)
  6 dart slugs
  97 orcs
  7 ball pythons
  7 bats
  12 endoplasms
  7 giant cockroaches
  10 goblins
  12 hobgoblins
  A jackal (D:2)
  21 kobolds
  5 quokkas
  2 frilled lizards
  8 rats
1026 creatures vanquished.

Vanquished Creatures (collateral kills)
  An ironbound preserver (D:14)
  A rakshasa (D:14)
  2 centaur warriors (D:14)
  A boulder beetle (D:14)
  A deep elf pyromancer (D:14)
  An ugly thing (D:14)
  A basilisk (D:14)
8 creatures vanquished.

Vanquished Creatures (others)
  3 deep elf knights (Elf:1)
  A wizard (D:15)
  A vampire (D:13)
  2 orc warriors
7 creatures vanquished.

Grand Total: 1041 creatures vanquished

Notes
Turn   | Place    | Note
-------+----------+-------------------------------------------
     0 | D:1      | Pooter the Minotaur Berserker began the quest for the Orb.
     0 | D:1      | Reached XP level 1. HP: 19/19 MP: 0/0
    81 | D:1      | Reached XP level 2. HP: 27/27 MP: 1/1
    81 | D:1      | Found a faded altar of an unknown god.
   110 | D:1      | Reached skill level 4 in Axes
   148 | D:1      | Reached skill level 1 in Stealth
   402 | D:1      | Reached XP level 3. HP: 33/33 MP: 2/2
   411 | D:1      | Reached ** piety under Trog
   678 | D:2      | Reached skill level 1 in Polearms
   914 | D:2      | Reached XP level 4. HP: 40/40 MP: 3/3
  1009 | D:2      | Found a glowing golden altar of the Shining One.
  1720 | D:3      | Noticed Jessica
  1727 | D:3      | Killed Jessica
  1728 | D:3      | Reached XP level 5. HP: 47/47 MP: 4/4
  1798 | D:3      | Noticed Sigmund
  1811 | D:3      | Killed Sigmund
  1812 | D:3      | Reached skill level 5 in Axes
  1812 | D:3      | Reached XP level 6. HP: 44/53 MP: 5/5
  2098 | D:3      | Noticed Natasha
  2102 | D:3      | Killed Natasha
  2249 | D:3      | Noticed Natasha
  2253 | D:3      | Killed Natasha
  2439 | D:3      | Noticed Natasha
  3195 | D:4      | Reached skill level 1 in Ranged Weapons
  3209 | D:4      | Noticed Grinder
  3238 | D:4      | Killed Grinder
  3239 | D:4      | Reached skill level 5 in Fighting
  3239 | D:4      | Reached XP level 7. HP: 61/61 MP: 6/6
  3246 | D:4      | Reached skill level 5 in Polearms
  3874 | D:4      | Reached skill level 6 in Axes
  3874 | D:4      | Reached XP level 8. HP: 70/70 MP: 7/7
  4206 | D:4      | Reached *** piety under Trog
  4353 | D:5      | Entered Level 5 of the Dungeon
  4367 | D:4      | Reached skill level 5 in Ranged Weapons
  4692 | D:5      | Found a staircase to the Ecumenical Temple.
  5029 | D:6      | Found a transporter.
  5032 | D:6      | Noticed Pokonic1's ghost (novice GrMo)
  5068 | D:5      | Reached XP level 9. HP: 78/78 MP: 8/8
  5232 | D:5      | Reached skill level 7 in Axes
  5338 | D:6      | Found Cidez's Book Shoppe.
  5401 | D:6      | Reached skill level 1 in Maces & Flails
  5568 | D:6      | Noticed Blork the orc
  5575 | D:6      | Found a transporter.
  5578 | D:6      | Killed Blork the orc
  5847 | D:6      | Noticed a deep elf zephyrmancer
  5853 | D:6      | Killed a deep elf zephyrmancer
  5854 | D:6      | Reached skill level 8 in Axes
  6304 | D:7      | Noticed Menkaure
  6312 | D:7      | Killed Menkaure
  6316 | D:7      | Reached skill level 9 in Axes
  6316 | D:7      | Reached XP level 10. HP: 85/88 MP: 9/9
  6379 | D:7      | Reached **** piety under Trog
  6674 | D:7      | Identified the +4 scimitar of the Mosquito {spect, rPois
                  | rC- Int+4 Dex-4}
  7183 | D:8      | Found Isudung's Jewellery Shop.
  7191 | D:8      | Bought an amulet of reflection for 360 gold pieces
  7495 | D:8      | Noticed Prince Ribbit
  7505 | D:8      | Killed Prince Ribbit
  7556 | D:8      | Noticed Joseph
  7907 | D:8      | Killed Joseph
  7908 | D:8      | Reached skill level 10 in Axes
  8140 | D:8      | Found a glowing silver altar of Zin.
  8141 | D:8      | Found a bloodstained altar of Trog.
  8141 | D:8      | Found an ancient bone altar of Kikubaaqudgha.
  8192 | D:8      | Noticed Maurice
  8205 | D:8      | Killed Maurice
  8439 | D:8      | Found a radiant altar of Vehumet.
  8763 | D:9      | Found Xynoqi Xaed's Antique Armour Boutique.
  8842 | D:9      | Noticed Pikel
  8850 | D:9      | Killed Pikel
  8851 | D:9      | Reached skill level 11 in Axes
  8851 | D:9      | Reached skill level 10 in Ranged Weapons
  9084 | D:9      | Found a staircase to the Lair.
  9393 | D:9      | Found a staircase to the Orcish Mines.
  9440 | D:9      | Reached XP level 11. HP: 62/97 MP: 10/10
 10079 | D:10     | Entered Level 10 of the Dungeon
 10109 | D:10     | Noticed a two-headed ogre
 10119 | D:10     | Killed a two-headed ogre
 10678 | D:10     | Reached skill level 12 in Axes
 11062 | Lair:1   | Entered Level 1 of the Lair of Beasts
 11199 | Lair:1   | Reached ***** piety under Trog
 11200 | Lair:1   | Reached skill level 10 in Fighting
 11421 | Lair:1   | Received a gift from Trog
 11462 | Lair:1   | Noticed Amaemon
 11474 | Lair:1   | Killed Amaemon
 11583 | Lair:1   | Reached skill level 13 in Axes
 12299 | Lair:2   | Found a runed translucent door.
 12299 | Lair:2   | Noticed a seven-headed hydra
 12299 | Lair:2   | Noticed Chodeload's ghost (journeyman DEWn)
 12329 | Lair:2   | Reached skill level 1 in Evocations
 12414 | Lair:2   | Reached XP level 12. HP: 95/108 MP: 11/11
 12566 | Lair:2   | Found a hole to the Spider Nest.
 12654 | Lair:2   | Noticed a death yak
 12654 | Lair:2   | Noticed a death yak
 12666 | Lair:1   | Killed a death yak
 12667 | Lair:1   | Killed a death yak
 12714 | Lair:2   | Noticed a death yak
 12716 | Lair:2   | Noticed a death yak
 12716 | Lair:2   | Noticed a death yak
 12717 | Lair:2   | Noticed a six-headed hydra
 12725 | Lair:1   | Killed a death yak
 12726 | Lair:1   | Reached skill level 14 in Axes
 12852 | Lair:2   | Killed a six-headed hydra
 13419 | Lair:2   | Noticed a seven-headed hydra
 13428 | Lair:2   | Killed a nine-headed hydra
 13502 | Lair:2   | Noticed an eight-headed hydra
 13513 | Lair:2   | Killed a ten-headed hydra
 13584 | Lair:2   | Killed a death yak
 13584 | Lair:2   | Killed a death yak
 13587 | Lair:2   | Noticed a four-headed hydra
 13830 | Lair:2   | Killed a six-headed hydra
 14015 | Lair:2   | Found a staircase to the Swamp.
 14116 | Lair:3   | Reached skill level 15 in Axes
 14210 | Lair:3   | Noticed an eight-headed hydra
 14216 | Lair:3   | Killed an eight-headed hydra
 14438 | Lair:3   | Found a dark tunnel.
 14445 | Volcano  | Entered a volcano
 14446 | Volcano  | Upgraded the game from 0.31-a0-115-g4708a659fe to
                  | 0.31-a0-117-g42d8f58691
 14459 | Volcano  | Reached XP level 13. HP: 73/117 MP: 12/12
 14761 | Volcano  | Noticed an orb of fire
 14841 | Volcano  | Noticed an orb of fire
 15460 | Lair:4   | Found a frozen archway.
 15473 | IceCv    | Entered an ice cave
 15697 | IceCv    | Identified the +9 battleaxe "Qaramepp" {protect, rPois}
 15741 | IceCv    | Reached skill level 16 in Axes
 16021 | IceCv    | Reached skill level 5 in Evocations
 16201 | IceCv    | Reached skill level 15 in Ranged Weapons
 16650 | IceCv    | Identified the +1 scimitar "Toxael" {heavy, Dex+3}
 16657 | IceCv    | Identified the +8 chain mail of the Good {rF- rN++ Regen+
                  | rCorr}
 16922 | Lair:4   | Reached XP level 14. HP: 78/127 MP: 13/13
 17572 | Lair:4   | Found a runed translucent door.
 17572 | Lair:4   | Noticed an acid blob
 17572 | Lair:4   | Noticed an acid blob
 17573 | Lair:4   | Found a staircase to the Slime Pits.
 17679 | Lair:5   | Entered Level 5 of the Lair of Beasts
 17692 | Lair:5   | Reached skill level 17 in Axes
 17936 | Lair:5   | Noticed Snorg
 17951 | Lair:5   | Killed Snorg
 18132 | Lair:5   | Noticed Josephine
 18141 | Lair:5   | Killed Josephine
 18536 | Lair:5   | Reached skill level 5 in Armour
 18679 | Lair:5   | Reached skill level 18 in Axes
 18727 | Lair:5   | Received a gift from Trog
 19090 | Lair:5   | Reached XP level 15. HP: 138/138 MP: 14/14
 19173 | Lair:5   | Found a runed translucent gate.
 19173 | Lair:5   | Found a runed translucent gate.
 19174 | Lair:5   | Found a runed translucent gate.
 19180 | Lair:5   | Noticed Naimef's ghost (journeyman TeFE)
 19180 | Lair:5   | Noticed Suloph's ghost (journeyman MiFi)
 19591 | Lair:5   | Killed Naimef's ghost
 19594 | Lair:5   | Killed Suloph's ghost
 20570 | D:12     | Gained mutation: You are frail. (-10% HP) [potion of
                  | mutation]
 20571 | D:12     | Lost mutation: You are frail. (-10% HP) [potion of
                  | mutation]
 20571 | D:12     | Gained mutation: You occasionally shout uncontrollably at
                  | your foes. [potion of mutation]
 20571 | D:12     | Gained mutation: Your mind is acute. (Int +4, Str/Dex -1)
                  | [potion of mutation]
 20571 | D:12     | Gained mutation: You are robust. (+10% HP) [potion of
                  | mutation]
 20571 | D:12     | Gained mutation: You are agile. (Dex +4, Str/Int -1)
                  | [potion of mutation]
 20572 | D:12     | Lost mutation: You occasionally shout uncontrollably at
                  | your foes. [potion of mutation]
 20572 | D:12     | Lost mutation: Your mind is acute. (Int +4, Str/Dex -1)
                  | [potion of mutation]
 20572 | D:12     | Lost mutation: You are robust. (+10% HP) [potion of
                  | mutation]
 20572 | D:12     | Gained mutation: You are very agile. (Dex +8, Str/Int -2)
                  | [potion of mutation]
 20572 | D:12     | Gained mutation: You are partially covered in iridescent
                  | scales. (AC +2) [potion of mutation]
 20572 | D:12     | Gained mutation: You have an increased reservoir of magic.
                  | (+10% MP) [potion of mutation]
 20707 | D:12     | Reached skill level 19 in Axes
 21440 | D:13     | Received a gift from Trog
 21764 | D:13     | Reached skill level 15 in Fighting
 21764 | D:13     | Reached skill level 1 in Throwing
 21908 | D:13     | Identified the +7 great mace of Youthful Indiscretion
                  | {drain, rPois MP+9}
 22401 | D:14     | Found a gate to the Vaults.
 22666 | D:14     | Reached XP level 16. HP: 142/149 MP: 16/16
 22887 | D:14     | Received a gift from Trog
 23046 | D:14     | Noticed Agnes
 23058 | D:14     | Killed Agnes
 23190 | D:14     | Identified the +7 falchion of Sator Pou {venom, Fly Will+
                  | Int-4}
 23475 | D:15     | Entered Level 15 of the Dungeon
 23790 | D:15     | Noticed Bustrupp's ghost (journeyman DsMo)
 23791 | D:15     | Found a bloodstained altar of Trog.
 23794 | D:15     | Found a transporter.
 23800 | D:15     | Found a transporter.
 24347 | D:15     | Found a staircase to the Depths.
 24454 | D:15     | Reached skill level 5 in Stealth
 24466 | D:15     | Reached skill level 5 in Dodging
 24929 | Orc:1    | Entered Level 1 of the Orcish Mines
 24929 | Orc:1    | Noticed Nergalle
 24931 | Orc:1    | Noticed Erica
 24933 | Orc:1    | Killed Nergalle
 24942 | Orc:1    | Killed Erica
 25078 | Orc:1    | Noticed Jorgrun
 25088 | Orc:1    | Killed Jorgrun
 25089 | Orc:1    | Reached skill level 10 in Armour
 25199 | Orc:1    | Found a bloodstained altar of Trog.
 25267 | Orc:1    | Found a runed translucent door.
 25275 | Orc:1    | Noticed hgbash's ghost (journeyman TrFi)
 25637 | Orc:1    | Killed hgbash's ghost
 25718 | Orc:2    | Entered Level 2 of the Orcish Mines
 25721 | Orc:2    | Received a gift from Trog
 26680 | Orc:2    | Reached skill level 5 in Throwing
 27084 | Orc:2    | Found a staircase to the Elven Halls.
 27320 | Orc:2    | Noticed Saint Roka
 27336 | Orc:2    | Killed Saint Roka
 27351 | Orc:2    | Received a gift from Trog
 28893 | Orc:2    | Found Qix Jui's Magic Scroll Shop.
 28911 | Orc:2    | Bought a scroll of identify for 26 gold pieces
 28911 | Orc:2    | Bought a scroll of enchant armour for 97 gold pieces
 28911 | Orc:2    | Bought a scroll of identify for 26 gold pieces
 29625 | Orc:2    | Found Rihol's Jewellery Emporium.
 29640 | Orc:2    | Bought a +4 ring of slaying for 1170 gold pieces
 29961 | Orc:2    | Found Mies's Weapon Emporium.
 29975 | Orc:2    | Found Hemosan's Assorted Antiques.
 29982 | Orc:2    | Reached XP level 17. HP: 142/158 MP: 17/17
 29992 | Orc:2    | Bought an emerald potion for 22 gold pieces
 30557 | D:6      | Killed Pokonic1's ghost
 30832 | D:15     | Reached skill level 10 in Evocations
 30833 | D:15     | Killed Bustrupp's ghost
 31099 | Lair:2   | Killed Chodeload's ghost
 31221 | Lair:4   | Killed an acid blob
 31228 | Lair:4   | Killed an acid blob
 32049 | D:3      | Killed Natasha
 32259 | Elf:1    | Entered Level 1 of the Elven Halls
 32430 | Elf:1    | Noticed Nikola
 32440 | Elf:1    | Killed Nikola
 32616 | Elf:1    | Noticed Louise
 32938 | Elf:1    | Received a gift from Trog
 33166 | Elf:1    | Killed Louise
 33461 | Elf:1    | Identified Roxanne's Quarto of Talus
 33461 | Elf:1    | Noticed Roxanne
 33478 | Elf:1    | Killed from afar by Roxanne

Illustrated notes

Levels and vault maps discovered:
D:1:      dpeg_arrival_erosion, layout_rooms, dreamdust_ecumenical_altar_grove,
          kennysheep_doodads, minmay_split_cup_large
D:2:      layout_loops_corners, basic_altar, kennysheep_crisscross,
          chequers_serial_rivers_large_b, hex_large, minmay_quantized
D:3:      layout_loops_corners, uniq_natasha, uniq_jessica, uniq_sigmund
D:4:      layout_loops_ring, nzn_random_ring, uniq_grinder, uniq_blork_the_orc
D:5:      layout_basic, nicolae_overflow_squiral,
          minmay_temple_entry_proselytizer, small_statue_intersection,
          amcnicky_mini_corridor_feature
D:6:      layout_rooms, serial_shops, nicolae_take_the_stairs,
          gammafunk_ghost_stat_death, grunt_ministairs_15,
          guppyfry_early_elven_hall
D:7:      layout_cave_pools, st_stairs_11, uniq_menkaure
D:8:      layout_loops_ring, nicolae_overflow_quartered_altars,
          minmay_shop_grid_forest, kennysheep_small_square, uniq_maurice,
          uniq_prince_ribbit1, uniq_joseph
D:9:      layout_grid_maze, dpeg_oklobed_lair, orc_0_dummy, serial_shops, shop,
          nicolae_figureground_pulse, uniq_pikel
D:10:     layout_stronghold
D:11:     layout_loops_ring
D:12:     layout_small_grid
D:13:     nzn_winding_woodlands_cross [nzn_winding_woodlands_5x15_split_checker,
          nzn_winding_woodlands_5x15_cabin, nzn_winding_woodlands_5x15_crooked,
          nzn_winding_woodlands_5x15_sidewinder,
          nzn_winding_woodlands_15x15_boxy_spiral], layout_long_grid
D:14:     layout_stronghold, skrybe_vaults_entry_preservation, minmay_holes,
          uniq_agnes
D:15:     grunt_enter_depths_magical_seal, layout_basic,
          gammafunk_ghost_wrathful_warriors, nrook_campfire
Lair:1:   layout_regular_city, serial_bayou_lagoon_b, serial_bayou_shore_b,
          uniq_amaemon
Lair:2:   layout_hall_layers, palyth_hydra_swamp_entry,
          hellmonk_spider_entry_life_and_decay, ebering_ghost_inner_flame,
          nicolae_quartered_pool_impasse, minivault_19
Lair:3:   layout_hall_layers, enter_volcano_4
Lair:4:   layout_cave_pods, slime_entry_2, portal_ice_cave_entry_pillars_1,
          lemuel_fruit_tree, infiniplex_staircase_pool
Lair:5:   hangedman_lair_tendril_chambers, layout_cave_pods,
          hangedman_lair_caniforms_friends, gammafunk_ghost_cemetery,
          uniq_snorg, uniq_josephine
Orc:1:    layout_caves, hellmonk_ghost_happy_afterlife, trog_butcher_becter,
          uniq_erica, uniq_nergalle, uniq_jorgrun
Orc:2:    pubby_orc_utopia
Elf:1:    nicolae_elf_arrival_aired_out, layout_geoelf_diagonals, serial_glass,
          glass_columns_b, glass_columns_b, minivault_28,
          nicolae_elf_vaults_five_recruitment_drive, minmay_shop_grove,
          uniq_nikola, uniq_roxanne, uniq_louise

Skill      XL: |  1  2  3  4  5  6  7  8  9 10 11 12 13 14 15 16 17 |
---------------+----------------------------------------------------+-----
Axes           | 4 5 6 9 11 13 15 16 18 19 | 19.3
Stealth        | 1 2 3 4 6 7 |  7.2
Fighting       | 4 5 6 8 9 10 11 12 14 15 16 | 16.9
Polearms       | 1 2 3 4 6 7 8 |  8.0
Ranged Weapons | 2 3 6 8 10 12 13 15 16 | 16.0
Maces & Flails | 2 |  2.6
Evocations     | 1 3 5 7 8 9 10 | 10.5
Armour         | 6 9 10 11 | 11.8
Throwing       | 2 5 7 |  7.0
Dodging        | 3 6 8 |  8.1

Action                     |  1- 3 |  4- 6 |  7- 9 | 10-12 | 13-15 | 16-18 || total
---------------------------+-------+-------+-------+-------+-------+-------++-------
  Melee: Hand axe          |    29 |       |       |       |       |       ||    29
         Headbutt          |     8 |     9 |    26 |    78 |   176 |   139 ||   436
         Trident           |    47 |    69 |    88 |       |       |       ||   204
         Punch             |       |     1 |       |     4 |       |       ||     5
         Morningstar       |       |       |    29 |       |       |       ||    29
         War axe           |       |       |    26 |   173 |       |       ||   199
         Demon whip        |       |       |       |    44 |       |       ||    44
         Battleaxe         |       |       |       |   101 |   762 |   506 ||  1369
         Quarterstaff      |       |       |       |     5 |       |       ||     5
   Fire: Sling             |       |     1 |       |       |       |       ||     1
         Orcbow            |       |     6 |   141 |   222 |   163 |   281 ||   813
  Throw: Stone             |     5 |       |       |       |       |       ||     5
         Dart              |       |       |       |     3 |     3 |       ||     6
         Boomerang         |       |       |       |       |     9 |     1 ||    10
         Javelin           |       |       |       |       |       |     4 ||     4
 Invoke: Berserk           |     2 |     4 |     9 |     8 |     9 |    10 ||    42
         Trog's Hand       |       |       |     6 |    15 |    14 |    18 ||    53
         Brothers in Arms  |       |       |       |       |     2 |       ||     2
  Evoke: Wand              |       |     3 |     8 |    18 |     1 |    13 ||    43
    Use: Scroll            |     4 |       |     4 |    10 |     8 |     8 ||    34
         Potion            |       |       |       |       |     5 |     8 ||    13
   Stab: Sleeping          |       |       |     1 |       |       |       ||     1
         Distracted        |       |       |       |       |     1 |       ||     1
         Invisible         |       |       |       |       |       |    13 ||    13
         Paralysed         |       |       |       |       |       |     1 ||     1
 Armour: Ring mail         |    10 |       |       |       |       |       ||    10
         Scale mail        |    11 |    25 |    68 |       |       |       ||   104
         Chain mail        |       |       |     4 |   162 |   549 |   213 ||   928
         Plate armour      |       |       |       |       |   127 |    42 ||   169
  Dodge: Dodged            |    28 |    27 |    78 |   190 |   404 |   243 ||   970
  Block: Other             |       |       |       |    86 |    73 |   108 ||   267
         Reflection        |       |       |       |     5 |    11 |    15 ||    31

Table legend: (Time is in decaauts)
 A = Elapsed time spent in this place.
 B = Non-inter-level travel time spent in this place.
 C = Inter-level travel time spent in this place.
 D = Time resting spent in this place.
 E = Time spent auto-exploring this place.
 F = Levels seen in this place.
 G = Mean time per level.
                   A        B        C        D        E       F      G
               +--------+--------+--------+--------+--------+-----+--------+
         Total |  33782 |  31770 |   2012 |  10851 |  14912 |  25 | 1351.3 |
       Dungeon |  17783 |  16312 |   1471 |   4244 |   9181 |  15 | 1185.5 |
          Lair |   7161 |   6752 |    409 |   1853 |   3467 |   5 | 1432.2 |
  Orcish Mines |   5764 |   5633 |    131 |   3575 |   1318 |   2 | 2882.0 |
   Elven Halls |   1041 |   1041 |      0 |    288 |    471 |   1 | 1041.0 |
      Ice Cave |   1427 |   1427 |      0 |    628 |    431 |   1 | 1427.0 |
       Volcano |    605 |    605 |      0 |    261 |     41 |   1 |  605.0 |
               +--------+--------+--------+--------+--------+-----+--------+

Top non-repeatable levels by time:
   Orc:2: 4946 daAuts
     D:3: 1994 daAuts
  Lair:2: 1990 daAuts
  Lair:5: 1896 daAuts
     D:9: 1817 daAuts
     D:7: 1627 daAuts
    D:15: 1477 daAuts
   IceCv: 1427 daAuts
     D:4: 1388 daAuts
  Lair:1: 1306 daAuts
    D:14: 1239 daAuts
  Lair:4: 1237 daAuts
     D:2: 1216 daAuts
    D:13: 1152 daAuts
     D:6: 1141 daAuts
